 Dungeon Crawl Stone Soup version 0.32-a0-918-g0f22ef8d61 (webtiles) character file.

Game seed: 9944911490506911962

1478829 BlackSun the Worldbinder (level 26, 213/213 HPs)
             Began as a Vampire Summoner on Apr 10, 2024.
             Was the Champion of Sif Muna.
             Escaped with the Orb
             ... and 3 runes!
             The game lasted 03:11:49 (89587 turns).

BlackSun the Worldbinder (Vampire Summoner)        Turns: 89587, Time: 03:11:50

Health: 213/213    AC: 24    Str: 15    XL:     26   Next: 21%
Magic:  54/54      EV: 28    Int: 30    God:    Sif Muna [******]
Gold:   6753       SH:  0    Dex: 19    Spells: 14/61 levels left

rFire   + + .        H - +9 scimitar of the Extremes {freeze, rF+ MP+9 Str+6 Dex-3}
rCold   + . .        (no shield)
rNeg    . . .        M - +4 faerie dragon scales {rElec rPois rCorr Int+2}
rPois   +            T - +3 crown of Dyrovepreva {rElec Int+2 SInv}
rElec   +            a - scarf {rC+ rF+}
rCorr   +            d - +2 pair of gloves
SInv    +            B - +0 pair of boots {Fly}
Will    ++...        R - amulet of magic regeneration
Stlth   ++           F - ring "Zaepn" {EV+5 Str-2 Dex+6}
HPRegen 0.75/turn    o - +4 ring of protection
MPRegen 0.74/turn

%: no passive effects
@: flying, healing quickly, studying 3 skills
A: alive, fangs 3, see invisible, vampiric 2, poison resistance, screaming 1,
strong 1, evolution 1
0: Orb of Zot
}: 3/15 runes: serpentine, barnacled, slimy
a: Exsanguinate, Renounce Religion, Channel Magic, Forget Spell, Divine Exegesis


You escaped.
You worshipped Sif Muna.
Sif Muna was exalted by your worship.
You visited 11 branches of the dungeon, and saw 52 of its levels.
You also visited: Trove, Ice Cave and Wizlab.

You collected 8170 gold pieces.
You spent 1417 gold pieces at shops.

Inventory:

Hand Weapons
 p - the +1 quarterstaff of the Hungering Gods {chaos, rElec rCorr Int+5}
   (You found it on level 2 of the Shoals)

   Int+5:     It affects your intelligence (+5).
   rElec:     It insulates you from electricity.
   rCorr:     It protects you from acid and corrosion.
 H - the +9 scimitar of the Extremes (weapon) {freeze, rF+ MP+9 Str+6 Dex-3}
   (You took it off a deep elf zephyrmancer on level 3 of the Elven Halls)

   Str+6:     It affects your strength (+6).
   Dex-3:     It affects your dexterity (-3).
   rF+:       It protects you from fire.
   MP+9:      It affects your magic capacity (+9).
Armour
 a - a scarf of resistance (worn)
 c - the +4 ring mail "Yfum" {rElec rF++ Stlth-}
   (You found it on level 1 of the Realm of Zot)

   rF++:      It greatly protects you from fire.
   rElec:     It insulates you from electricity.
   Stlth-:    It makes you less stealthy.
 d - a +2 pair of gloves (worn)
 y - the +4 robe of the Ward {rC+}
   (You took it off Boris on level 4 of the Vaults)

   rC+:       It protects you from cold.
 B - a +0 pair of boots of flying (worn)
 G - the +0 cloak of the Thief {Quiet Slay-3 SInv Stlth+}
   (You acquired it on level 2 of the Shoals)

   Quiet:     All noise in your surroundings is dampened.
   Slay-3:    It affects your accuracy & damage with ranged weapons and melee
   (-3).
   SInv:      It lets you see invisible.
   Stlth+:    It makes you more stealthy.
 M - the +4 faerie dragon scales (worn) {rElec rPois rCorr Int+2}
   (You took it off the Enchantress on level 2 of the Depths)

   Int+2:     It affects your intelligence (+2).
   rElec:     It insulates you from electricity.
   rPois:     It protects you from poison.
   rCorr:     It protects you from acid and corrosion.
 T - the +3 crown of Dyrovepreva (worn) {rElec Int+2 SInv}
   (You acquired it in a wizard's laboratory)

   Int+2:     It affects your intelligence (+2).
   rElec:     It insulates you from electricity.
   SInv:      It lets you see invisible.
 V - a +2 cloak of poison resistance
Jewellery
 o - a +4 ring of protection (right hand)
 A - an amulet of the acrobat
 F - the ring "Zaepn" (left hand) {EV+5 Str-2 Dex+6}
   (You found it on level 11 of the Dungeon)

   [ring of evasion]

   EV+5:      It affects your evasion (+5).
   Str-2:     It affects your strength (-2).
   Dex+6:     It affects your dexterity (+6).
 N - a ring of positive energy
 R - an amulet of magic regeneration (around neck)
 W - a ring of magical power
 Z - a ring of wizardry
Wands
 X - a wand of digging (22)
Scrolls
 g - 4 scrolls of enchant armour
 i - 9 scrolls of enchant weapon
 j - 9 scrolls of vulnerability {!r!r}
 k - 17 scrolls of teleportation {@r4}
 m - 9 scrolls of revelation
 n - 3 scrolls of fear
 r - 3 scrolls of torment {!r}
 s - 6 scrolls of poison {!r}
 t - 18 scrolls of identify {@r1}
 z - 7 scrolls of blinking {!r}
 J - 8 scrolls of immolation {!r!r}
 L - 4 scrolls of summoning
 O - 6 scrolls of fog
 Q - 4 scrolls of amnesia
 U - 3 scrolls of brand weapon
Potions
 b - 3 potions of magic
 e - 14 potions of curing {@q1}
 h - 5 potions of lignification {!q}
 l - 6 potions of brilliance
 q - 4 potions of haste {@q3}
 u - a potion of heal wounds {@q2}
 v - 6 potions of ambrosia
 w - 5 potions of attraction {!q}
 x - 7 potions of enlightenment
 D - 10 potions of might
 I - a potion of invisibility
 K - 4 potions of mutation {!q}
 P - 5 potions of cancellation
Miscellaneous
 f - a box of beasts
 C - a phantom mirror
 E - a condenser vane
 S - a lightning rod (4/4)
 Y - a phial of floods


   Skills:
 + Level 18.5 Fighting
 + Level 10.4 Armour
 + Level 19.4 Dodging
 - Level 10.0 Stealth
 - Level 10.0 Shields
 - Level 18.0 Spellcasting
 - Level 8.0 Hexes
 - Level 25.0 Summonings
 - Level 14.0 Translocations
 - Level 5.0 Air Magic
 - Level 15.0 Invocations


You had 14 spell levels left.
You knew the following spells:

 Your Spells              Type           Power      Damage    Failure   Level
b - Blink                 Tloc           100%       N/A       0%          2
d - Dragon's Call         Summ           54%        N/A       7%          9
f - Summon Forest         Summ/Tloc      48%        N/A       1%          5
g - Malign Gateway        Summ/Tloc      48%        N/A       1%          7
h - Summon Horrible Thin  Summ           54%        N/A       1%          8
l - Summon Lightning Spi  Summ/Air       86%        N/A       1%          4
m - Summon Mana Viper     Hex/Summ       90%        N/A       1%          5
s - Summon Small Mammal   Summ           100%       N/A       0%          1
X - Summon Cactus Giant   Summ           54%        N/A       0%          6

Your spell library contained the following spells:

 Spells                   Type           Power      Damage    Failure   Level
 Apportation              Tloc           100%       N/A       0%          1
 Call Imp                 Summ           100%       N/A       0%          2
 Lesser Beckoning         Tloc           100%       N/A       0%          2
 Call Canine Familiar     Summ           100%       N/A       0%          3
 Foxfire                  Conj/Fire      100%       2x1d9     1%          1
 Freeze                   Ice            100%       1d10      1%          1
 Kiss of Death            Conj/Necr      100%       2d13      1%          1
 Magic Dart               Conj           100%       1d8       1%          1
 Necrotise                Necr           100%       1d9       1%          1
 Sandblast                Erth           54%        2d13      1%          1
 Shock                    Conj/Air       100%       1d9       1%          1
 Slow                     Hex            100%       N/A       1%          1
 Sting                    Conj/Alch      100%       1d9       1%          1
 Cigotuvi's Dreadful Rot  Necr/Alch/Air  72%        N/A       1%          2
 Ensorcelled Hibernation  Hex/Ice        100%       N/A       1%          2
 Jinxbite                 Hex            100%       N/A       1%          2
 Mercury Vapours          Alch/Air       84%        N/A       1%          2
 Momentum Strike          Conj/Tloc      100%       3d10      1%          2
 Static Discharge         Conj/Air       84%        3-7/arc   1%          2
 Confusing Touch          Hex            66%        N/A       1%          3
 Dazzling Flash           Conj/Hex       100%       N/A       1%          3
 Inner Flame              Hex/Fire       50%        N/A       1%          3
 Maxwell's Portable Pile  Tloc           84%        2d(13-38) 1%          3
 Sigil of Binding         Hex            66%        N/A       1%          3
 Summon Ice Beast         Ice/Summ       80%        N/A       1%          3
 Swiftness                Air            54%        N/A       1%          3
 Teleport Other           Tloc           84%        N/A       1%          3
 Tukima's Dance           Hex            66%        N/A       1%          3
 Volatile Blastmotes      Fire/Tloc      100%       2d18      1%          3
 Animate Armour           Summ/Erth      100%       N/A       1%          4
 Cause Fear               Hex            33%        N/A       1%          4
 Dimensional Bullseye     Hex/Tloc       37%        N/A       1%          4
 Iskenderun's Mystic Bla  Conj/Tloc      62%        2d13      (+2d71%     4
 Martyr's Knell           Necr/Summ      80%        N/A       1%          4
 Passage of Golubria      Tloc           84%        N/A       1%          4
 Summon Blazeheart Golem  Fire/Summ      80%        N/A       1%          4
 Vhi's Electric Charge    Tloc/Air       100%       N/A       1%          4
 Dispersal                Tloc           42%        N/A       1%          6
 Gell's Gavotte           Tloc           42%        2d(30-45) 1%          6
 Monstrous Menagerie      Summ           54%        N/A       1%          7
 Summon Hydra             Summ           54%        N/A       1%          7
 Airstrike                Air            27%        2d(4-20)  2%          4
 Scorch                   Fire           54%        2d7       3%          2
 Searing Ray              Conj           54%        2d6       3%          2
 Sublimation of Blood     Necr           27%        N/A       3%          2
 Mephitic Cloud           Conj/Alch/Air  36%        N/A       3%          3
 Anguish                  Hex/Necr       25%        N/A       3%          4
 Silence                  Hex/Air        30%        N/A       3%          5
 Manifold Assault         Tloc           42%        N/A       5%          7
 Frozen Ramparts          Ice            54%        1d9       6%          3
 Fugue of the Fallen      Necr           27%        N/A       6%          3
 Hailstorm                Conj/Ice       27%        3d8       6%          3
 Ozocubu's Armour         Ice            27%        N/A       6%          3
 Passwall                 Erth           27%        N/A       6%          3
 Stone Arrow              Conj/Erth      54%        3d10      6%          3
 Vampiric Draining        Necr           27%        2d7       6%          3
 Haunt                    Necr/Summ      40%        N/A       10%         7
 Spellforged Servitor     Conj/Summ      40%        N/A       10%         7
 Metabolic Englaciation   Hex/Ice        25%        N/A       11%         5
 Yara's Violent Unravell  Hex/Alch       25%        3d11      11%         5
 Animate Dead             Necr           27%        N/A       19%         4
 Brom's Barrelling Bould  Conj/Erth      27%        2d5       19%         4
 Dispel Undead            Necr           27%        3d13      19%         4
 Flame Wave               Conj/Fire      27%        2d9       19%         4
 Fulminant Prism          Conj/Alch      13%        3d9       19%         4
 Ignite Poison            Fire/Alch      27%        N/A       19%         4
 Leda's Liquefaction      Alch/Erth      13%        N/A       19%         4
 Olgreb's Toxic Radiance  Alch           27%        N/A       19%         4
 Petrify                  Alch/Erth      27%        N/A       19%         4
 Sticky Flame             Fire/Alch      27%        2d7       19%         4
 Arcjolt                  Conj/Air       21%        1d31      19%         5
 Freezing Cloud           Conj/Ice/Air   18%        6-21      28%         5
 Disjunction              Tloc           42%        N/A       38%         8
 Alistair's Intoxication  Alch           18%        N/A       47%         5
 Borgnjor's Vile Clutch   Necr/Erth      13%        N/A       47%         5
 Curse of Agony           Necr           27%        N/A       47%         5
 Fireball                 Conj/Fire      13%        3d7       47%         5
 Irradiate                Conj/Alch      13%        3d16      47%         5
 Iskenderun's Battlesphe  Conj           27%        2d8       47%         5
 Lee's Rapid Deconstruct  Erth           13%        3d9*      47%         5
 Enfeeble                 Hex            33%        N/A       52%         7
 Conjure Ball Lightning   Conj/Air       21%        3x3d6     71%         6
 Plasma Beam              Fire/Air       21%        2x1d33    71%         6
 Bombard                  Conj/Erth      13%        9d3       96%         6
 Death Channel            Necr           13%        N/A       96%         6
 Eringya's Noxious Bog    Alch           13%        4d6       96%         6
 Permafrost Eruption      Ice/Erth       13%        2x4d4     96%         6
 Sculpt Simulacrum        Ice/Alch       13%        N/A       96%         6
 Starburst                Conj/Fire      13%        6d6       96%         6
 Discord                  Hex            33%        N/A       99%         8
 Orb of Destruction       Conj           13%        9d7       100%        7
 Ozocubu's Refrigeration  Ice            13%        4d10      100%        7
 Ignition                 Fire           13%        3d6       100%        8
 Infestation              Necr           13%        N/A       100%        8
 Lehudib's Crystal Spear  Conj/Erth      13%        10d5      100%        8
 Maxwell's Capacitive Co  Air            27%        ∞         100%        8
 Chain Lightning          Conj/Air       21%        3d28      100%        9
 Fire Storm               Conj/Fire      13%        8d4       100%        9
 Polar Vortex             Ice            13%        12d1*     100%        9
 Shatter                  Erth           13%        3d14*     100%        9


Dungeon Overview and Level Annotations

Branches:
Dungeon (15/15)            Temple (1/1) D:5            Lair (5/5) D:11
 Shoals (4/4) Lair:3        Snake (4/4) Lair:3        Slime (5/5) Lair:4
    Orc (2/2) D:11            Elf (3/3) Orc:2        Vaults (4/5) D:13
  Crypt (0/3) Vaults:2     Depths (4/4) D:15            Zot (5/5) Depths:4
  IceCv (visited)          WizLab (visited)

Altars:
Ashenzari
Cheibriados
Dithmenos
Fedhas
Gozag
Hepliaklqana
Kikubaaqudgha
Makhleb
Nemelex Xobeh
Okawaru
Qazlal
Ru
Sif Muna
Trog
Uskayaw
Vehumet
Wu Jian
Xom
Yredelemnul
Jiyva
Lugonu

Shops:
D:2 ?   D:8 (   D:11 (   D:12 =   Orc:1 (   Orc:2 [*?(:   Elf:1 ([![[(
Elf:2 (   Elf:3 [   Shoals:1 (   Shoals:3 ([=*   Snake:2 *[:?[   Vaults:1 [
Vaults:3 ?   Vaults:4 (   Depths:4 *

Portals:
Hell: Depths:1 Depths:2 Depths:3 Depths:4
Abyss: Lair:5 Depths:2 Depths:3 Depths:4
Pandemonium: Depths:2
Ziggurat: Depths:4


Innate Abilities, Weirdness & Mutations

Your natural rate of healing is accelerated.
You have razor-sharp teeth.
You have supernaturally acute eyesight. (SInv)
You are afflicted with vampirism and can become a bat while bloodless.
Your system is resistant to poisons. (rPois)
You occasionally shout uncontrollably at your foes.
Your muscles are strong. (Str +4, Int/Dex -1)
You have hidden genetic potential.


Message History

The orange demon attacks as it pursues you!
The orange demon closely misses you.
There is a stone staircase leading up here.
The orange demon stings you but does no damage.
You fly upwards.
There is a stone staircase leading down here.
There is an open door here.
There is a stone staircase leading up here.
You fly upwards.
There is a stone staircase leading down here.
Aiming: Dig
Press: ? - help, Q - select action, (/) - cycle Shift-Dir - straight line A rock wall.
The rock shatters into small pieces.
There is an escape hatch in the floor here.
There is an escape hatch in the ceiling here.
A mysterious force pulls you upwards. The hatch slams shut behind you.
Search for what [? for help]? ignis Can't find anything matching that.
There is a stone staircase leading up here.
You fly upwards.
There is a stone staircase leading down here.
There is a stone staircase leading up here.
You fly upwards.
There is a stone staircase leading down here.
Aiming: Dig
Press: ? - help, Q - select action, (/) - cycle Shift-Dir - straight line You can't see that place. [the floor.]
The rock shatters into small pieces.
There is a stone staircase leading up here.
You fly upwards.
There is a stone staircase leading down here.
There is an open door here.
You see here a bat skeleton.
There is an open door here.
Aiming: Dig
Press: ? - help, Q - select action, (/) - cycle Shift-Dir - straight line You can't see that place. [a rock wall.]
The rock shatters into small pieces.
A tormentor comes into view.
There is a stone staircase leading up here.
You fly upwards.
There is a stone staircase leading down here.
There is an open door here.
There is a staircase leading out of the dungeon here.
There is an escape hatch in the floor here.
There is a staircase leading out of the dungeon here.
You have escaped!

#.>...'.........~~~~~~...###...#.
#.....#..~.~....÷..~~.....##..###
##...##~~~~~~............>...####
≈#####≈≈~≈~~~............###'##..
≈≈≈≈≈≈≈≈≈≈≈≈~~................)..
≈≈≈≈≈≈≈≈≈≈≈≈~~##'##...........#..
≈≈≈≈≈≈≈≈≈≈≈≈≈##...##.~........#..
≈≈≈≈≈≈≈≈≈≈≈≈≈#.....#~~~.......#..
≈≈≈≈≈≈≈≈≈≈≈≈≈#..@..#≈~~.......#..
≈≈≈≈≈≈≈≈≈≈≈≈≈#..>..#≈~~....(..#..
~≈≈≈≈≈~≈≈≈≈≈≈##...##~~........#..
~≈≈≈~~~~≈≈≈≈≈≈#####≈~~.#......#..
~~~≈~~~~≈≈~≈≈≈≈≈≈≈~~~..#......#..
~~~~...~~~~~≈≈≈≈≈≈~~~.##......#..
.~...#..~~~~~~~~≈~~~..##......#..
...####.)...~~~~~~~..###......#..
#### #####.....~~..## #......#..


There were no monsters in sight!

Vanquished Creatures
  An acid blob (Slime:5)
  2 azure jellies (Slime:5)
  2 formless jellyfish
  A demonspawn corrupter (WizLab)
  3 quicksilver oozes (Slime:5)
  A deep elf death mage (Elf:3)
  A fire dragon (Depths:3)
  An ice dragon (Depths:4)
  2 great orbs of eyes
  2 vault guards (Vaults:1)
  A merfolk avatar (Shoals:1)
  An ironbound frostheart (Vaults:1)
  An occultist (Depths:1)
  2 orc high priests (Orc:2)
  A spriggan berserker (Depths:4)
  A deep troll (Vaults:2)
  An arcanist (Vaults:3)
  3 harpies
  An ugly thing (D:13)
  A cyclops (D:12)
  2 moths of wrath
  4 black mambas
  A smoke demon (Lair:5)
  2 guardian serpents
  A vault sentinel (Vaults:1)
  A rime drake (Lair:5)
  A troll (Orc:1)
  A dream sheep (Lair:3)
  2 blink frogs
  A yak (Lair:1)
  A water elemental (Shoals:1)
  A redback (Vaults:1)
  A naga (Snake:4)
  A sky beast (D:6)
  An orc warrior (D:7)
  A small abomination (Lair:5)
  A laughing skull (D:13)
  A black mamba simulacrum (Snake:3)
  A wolf (Lair:4)
  A phantom (D:4)
  2 killer bees
  3 nameless horrors
  An orc priest (D:3)
  2 hounds (D:5)
  2 gnolls
  2 adders
  An ufetubus (D:7)
  3 orcs
  A ball python (D:2)
  2 bats
  2 endoplasms
  4 goblins (D:1)
  A jackal (D:1)
  2 kobolds
  2 frilled lizards
  A snaplasher vine (Slime:5)
86 creatures vanquished.

Vanquished Creatures (collateral kills)
  the Royal Jelly (Slime:5)
  2 dread liches (Zot:5)
  6 orbs of fire
  Boris (Vaults:4)
  Josephina (Zot:1)
  Vashnia (Snake:2)
  6 Killer Klowns
  A curse toe (Zot:4)
  3 caustic shrikes (Depths:4)
  Nikola (Snake:3)
  13 golden dragons
  A bone dragon (Depths:4)
  2 doom hounds
  the Enchantress (Depths:2)
  4 electric golems
  The ghost of Qireis the Brawler, an adept TrBe of Trog (Snake:3)
  A hellephant (Zot:1)
  12 tentacled monstrosities
  A walking earthen tome (Depths:2)
  A lich (Depths:2)
  Jorgrun (Shoals:1)
  26 Orb Guardians
  Asterion (Vaults:3)
  A walking frostbound tome (Depths:2)
  A titan (Depths:2)
  2 deep elf blademasters (Elf:3)
  21 acid blobs
  Grunn (Zot:4)
  4 quicksilver dragons
  An Executioner (Zot:5)
  10 sphinxes
  2 deep elf master archers (Elf:3)
  6 death cobs
  An eldritch tentacle (Vaults:3)
  Gastronok (Lair:2)
  17 storm dragons
  A tentacled starspawn (WizLab)
  11 shadow dragons
  A tengu reaver (Depths:2)
  4 azure jellies
  9 protean progenitors
  11 rockslimes
  The ghost of Neillu the Fencer, an adept CoAr of Gozag (Snake:2)
  8 fire giants
  4 nagarajas
  Aizul (Snake:1)
  4 frost giants
  5 deep elf sorcerers
  7 draconian knights
  4 draconian monks
  20 vault wardens
  A balrug (Depths:1)
  6 draconian scorchers
  An orc warlord (Orc:2)
  An iron dragon (Depths:4)
  2 deep elf elementalists (Elf:3)
  2 draconian stormcallers
  2 draconian shifters
  A cacodemon (Depths:4)
  2 demonspawn corrupters (WizLab)
  17 ironbound preservers
  7 spriggan defenders
  16 quicksilver oozes
  3 formless jellyfish
  6 very ugly things
  4 draconian annihilators
  7 stone giants
  8 ironbound thunderhulks
  12 black draconians
  6 deep elf demonologists
  8 green draconians
  9 purple draconians
  11 deep elf annihilators (Elf:3)
  A bunyip (Zot:3)
  The ghost of zurenarrh the Geomancer, a journeyman FoEE of Cheibriados (D:11)
  4 deep elf death magi
  5 vampire knights
  2 war gargoyles (Vaults:4)
  13 red draconians
  9 yellow draconians
  11 dire elephants
  3 minotaurs (Shoals:4)
  5 spark wasps
  The ghost of Vuarud the Worldbinder, a journeyman FeSu of the Shining One (Snake:2)
  9 white draconians
  8 ettins
  3 merfolk javelineers
  9 merfolk impalers
  6 yaktaur captains
  13 fire dragons
  3 deep elf high priests
  4 entropy weavers
  A jiangshi (Vaults:2)
  4 crystal guardians
  6 ice dragons
  10 great orbs of eyes
  6 salamander tyrants (Snake:4)
  19 vault guards
  5 hydras
  7 rakshasas
  8 centaur warriors
  7 spriggan air magi
  6 peacekeepers
  2 alligators (Zot:3)
  10 ironbound frosthearts
  2 radroaches (Zot:3)
  3 merfolk aquamancers
  2 merfolk avatars
  An alligator snapping turtle (Shoals:3)
  5 boulder beetles
  11 anacondas
  10 satyrs (Shoals:4)
  A death knight (D:15)
  22 dancing weapons
  2 two-headed ogres
  The ghost of zyxw121 the Covert, a journeyman KoBr of Dithmenos (D:10)
  A tengu warrior (D:15)
  3 deep troll shamans
  A catoblepas (Lair:1)
  4 thrashing horrors (Lair:5)
  3 death yaks (Lair:5)
  A vampire mage (Vaults:2)
  9 spriggan berserkers
  2 orc high priests (Orc:1)
  13 naga warriors
  8 deep troll earth magi
  Sonja (D:10)
  7 occultists
  12 hell knights
  17 deep elf knights
  8 naga sharpshooters
  7 shock serpents
  2 sun demons (Depths:1)
  6 salamander mystics
  6 skysharks
  A sea snake (shapeshifter) (Vaults:1)
  A flayed ghost (Depths:2)
  2 iron trolls
  Lodul (D:10)
  11 deep elf archers
  9 glowing orange brains
  41 deep trolls
  A spectral anaconda (Snake:3)
  3 spriggan druids (Depths:3)
  Pikel (D:3)
  2 cherubim (Elf:3)
  9 naga ritualists
  16 mana vipers
  9 sea snakes
  5 phantasmal warriors
  15 ironbound convokers
  3 necromancers
  13 arcanists
  2 steelbarb worms (Zot:1)
  6 orc knights
  A harpy (shapeshifter) (Elf:1)
  7 thermic dynamos
  A large abomination (Lair:5)
  25 harpies
  21 lindwurms
  21 deep elf zephyrmancers
  32 deep elf pyromancers
  10 cyclopes
  50 ugly things
  23 manticores
  Maurice (D:8)
  3 worldbinders (WizLab)
  5 orc sorcerers
  15 salamanders
  14 fauns
  7 shining eyes
  3 meliai (D:13)
  A mana viper (shapeshifter) (Depths:4)
  8 merfolk sirens
  3 elephants (Lair:5)
  3 kobold blastminers (Orc:2)
  35 moths of wrath
  A meliai (shapeshifter) (Elf:1)
  10 guardian serpents
  A black mamba (shapeshifter) (D:13)
  42 black mambas
  20 vault sentinels
  3 eyes of devastation
  18 naga magi
  2 water nymphs (Shoals:4)
  11 cane toads
  3 smoke demons (Lair:5)
  An orange demon (Depths:4)
  A gargoyle (D:12)
  A storm dragon simulacrum (Zot:1)
  An unseen horror (D:8)
  10 komodo dragons
  Maggie (D:10)
  3 rime drakes
  30 yaktaurs
  A kobold demonologist (D:11)
  An unseen horror (shapeshifter) (Elf:2)
  2 tengu conjurers
  A queen bee (D:13)
  2 freezing wraiths
  2 trolls
  2 polar bears
  A ghost moth simulacrum (Zot:1)
  3 tyrant leeches (Zot:5)
  28 merfolk
  6 wind drakes
  2 queen bees (shapeshifter)
  The ghost of MackTheKnife the Cleaver, an amateur MDCK of Xom (D:4)
  15 hornets
  2 hornets (shapeshifter)
  A tarantella (shapeshifter) (Elf:1)
  A raiju (Lair:5)
  15 blink frogs
  A draconian simulacrum (Zot:1)
  A raiju (shapeshifter) (Elf:1)
  3 glass eyes
  4 snapping turtles
  128 slime creatures
  12 dream sheep
  A spectral black mamba (Snake:3)
  An air elemental (Elf:1)
  16 spriggans
  2 shadows
  A centaur simulacrum (D:14)
  5 wyverns
  A spriggan (shapeshifter) (D:13)
  A ynoxinul (Lair:5)
  2 spectral salamanders (Snake:3)
  3 wraiths
  Eustachio (D:6)
  14 golden eyes
  3 fire elementals
  A human (shapeshifter) (D:14)
  6 basilisks
  12 water elementals
  A golden eye (shapeshifter) (D:15)
  3 vampires
  35 yaks
  4 redbacks
  A fire bat (shapeshifter) (Lair:5)
  A green draconian simulacrum (Zot:1)
  10 vampire mosquitoes
  51 nagas
  7 small abominations (Lair:5)
  2 acid dragons
  A moth of wrath simulacrum (Zot:1)
  9 water moccasins
  3 spectral nagas (Snake:3)
  An ice beast (D:3)
  6 nameless horrors
  28 orc warriors
  A black mamba simulacrum (Snake:3)
  A boggart (Vaults:1)
  18 ogres
  17 wolves
  A tengu (shapeshifter) (Elf:1)
  A phantom (D:7)
  3 centaurs
  A lemure (D:4)
  3 kobold brigands
  2 earth elementals
  A gnoll sergeant (D:6)
  9 bullfrogs
  4 scorpions
  5 wights (D:10)
  21 killer bees
  3 electric eels
  4 howler monkeys (D:12)
  2 komodo dragon simulacra (IceCv)
  3 jellies
  A gnoll bouda (D:4)
  3 hounds
  12 orc priests
  8 iguanas
  A sleepcap (D:4)
  23 orc wizards
  7 hell rats
  6 gnolls
  An acid dragon simulacrum (IceCv)
  7 adders
  2 naga simulacra (Snake:3)
  3 river rats (D:11)
  3 ufetubi
  3 steam dragon simulacra (IceCv)
  5 ribbon worms
  5 dart slugs
  73 orcs
  3 ball pythons
  3 endoplasms
  4 giant cockroaches
  3 goblins (D:4)
  4 hobgoblins
  10 jackals
  3 quokkas (D:4)
  4 bats
  3 frilled lizards (D:1)
  18 kobolds
  4 rats
  6 aspiring fleshes
  A snaplasher vine (Zot:1)
  A spectral weapon (Vaults:3)
  2 starspawn tentacles (WizLab)
2150 creatures vanquished.

Vanquished Creatures (others)
  An Orb Guardian (Zot:5)
  47 eldritch tentacles
  A ghost moth (Zot:5)
  A vampire knight (Depths:2)
  A tengu warrior (Depths:3)
  A deep elf knight (Elf:3)
  A black mamba (Snake:1)
  A blink frog (Lair:5)
  A slime creature (Slime:5)
  A water elemental (Elf:2)
  A spriggan (Depths:3)
  An aspiring flesh (Zot:5)
  131 snaplasher vines
189 creatures vanquished.

Grand Total: 2425 creatures vanquished

Notes
Turn   | Place    | Note
-------+----------+-------------------------------------------
     0 | D:1      | BlackSun the Vampire Summoner began the quest for the Orb.
     0 | D:1      | Reached XP level 1. HP: 13/13 MP: 3/3
    21 | D:1      | Reached XP level 2. HP: 14/19 MP: 1/5
   447 | D:1      | Gained mutation: You are afflicted with vampirism and can
                  | become a bat while bloodless. [Vampire growth]
   447 | D:1      | Reached XP level 3. HP: 24/24 MP: 4/7
   535 | D:1      | Found a faded altar of an unknown god.
   972 | D:1      | Learned a level 3 spell: Call Canine Familiar
  1129 | D:2      | Reached skill level 3 in Spellcasting
  1290 | D:3      | Noticed an ice beast
  1383 | D:2      | Reached XP level 4. HP: 30/30 MP: 8/8
  1687 | D:2      | Reached skill level 5 in Summonings
  2015 | D:2      | Found Orieburi's Magic Scroll Shop.
  2027 | D:2      | Bought a scroll of blinking for 82 gold pieces
  2115 | D:3      | Killed an ice beast
  2116 | D:3      | Reached XP level 5. HP: 35/35 MP: 2/11
  2121 | D:3      | Learned a level 4 spell: Summon Lightning Spire
  2802 | D:3      | Reached skill level 1 in Air Magic
  2809 | D:3      | Reached XP level 6. HP: 27/41 MP: 8/12
  3406 | D:4      | Found a runed translucent door.
  3406 | D:4      | Noticed MackTheKnife's ghost (amateur MDCK)
  3419 | D:4      | Noticed Pikel
  3826 | D:4      | Reached skill level 6 in Summonings
  3893 | D:4      | Reached skill level 3 in Air Magic
  4061 | D:4      | Reached XP level 7. HP: 32/46 MP: 5/14
  4142 | D:3      | Killed Pikel
  4143 | D:3      | Reached skill level 7 in Summonings
  4143 | D:3      | Reached XP level 8. HP: 36/52 MP: 2/15
  4515 | D:5      | Entered Level 5 of the Dungeon
  4826 | D:5      | Found an ancient bone altar of Kikubaaqudgha.
  5134 | D:5      | Reached skill level 6 in Spellcasting
  5213 | D:5      | Found a blossoming altar of Fedhas.
  5213 | D:5      | Found a shimmering altar of Xom.
  5307 | D:5      | Found a staircase to the Ecumenical Temple.
  5505 | Temple   | Entered the Ecumenical Temple
  5515 | Temple   | Learned a level 5 spell: Summon Mana Viper
  5518 | Temple   | Became a worshipper of Sif Muna the Loreminder
  5567 | D:6      | Reached skill level 1 in Hexes
  5590 | D:6      | Reached skill level 3 in Hexes
  5719 | D:6      | Reached skill level 8 in Summonings
  5802 | D:6      | Noticed Eustachio
  5820 | D:6      | Killed Eustachio
  6088 | D:6      | Reached XP level 9. HP: 50/57 MP: 13/18
  6557 | D:7      | Reached * piety under Sif Muna
  6569 | D:7      | Reached skill level 6 in Hexes
  7670 | D:8      | Noticed Maurice
  7687 | D:8      | Killed Maurice
  7688 | D:8      | Reached skill level 9 in Summonings
  7785 | D:8      | Found Feuluxuf's Antique Weapon Shop.
  8026 | D:8      | Noticed an unseen horror
  8034 | D:8      | Killed an unseen horror
  8035 | D:8      | Reached XP level 10. HP: 45/63 MP: 10/22
  8310 | D:8      | Reached ** piety under Sif Muna
  8901 | D:9      | Reached skill level 10 in Summonings
  9290 | D:9      | Found a radiant altar of Vehumet.
  9475 | D:10     | Entered Level 10 of the Dungeon
  9488 | D:10     | Noticed a boulder beetle
  9504 | D:10     | Killed a boulder beetle
  9505 | D:10     | Reached skill level 9 in Spellcasting
  9725 | D:10     | Noticed Sonja
  9729 | D:10     | Found an opulent altar of Gozag.
  9738 | D:10     | Killed Sonja
  9739 | D:10     | Reached skill level 11 in Summonings
  9842 | D:10     | Found a runed translucent gate.
  9842 | D:10     | Found a runed translucent gate.
  9842 | D:10     | Found a runed translucent gate.
  9842 | D:10     | Noticed a cyclops
  9857 | D:10     | Killed a cyclops
  9941 | D:10     | Noticed zyxw121's ghost (journeyman KoBr)
  9962 | D:10     | Noticed Maggie
  9973 | D:10     | Killed Maggie
 10112 | D:10     | Noticed Lodul
 10125 | D:10     | Reached XP level 11. HP: 51/68 MP: 14/25
 10139 | D:10     | Killed Lodul
 10283 | D:10     | Reached *** piety under Sif Muna
 10973 | D:11     | Noticed an orc knight
 11109 | D:11     | Found a large runed translucent door.
 11109 | D:11     | Found a large runed translucent door.
 11111 | D:11     | Noticed zurenarrh's ghost (journeyman FoEE)
 11382 | D:11     | Reached skill level 12 in Spellcasting
 11537 | D:11     | Found a staircase to the Lair.
 11668 | D:11     | Found Geaku's Armour Shoppe.
 11670 | D:11     | Found a staircase to the Orcish Mines.
 11672 | D:11     | Found Fycleced's Weapon Shoppe.
 11681 | D:11     | Reached **** piety under Sif Muna
 12018 | D:11     | Killed an orc knight
 12189 | Lair:1   | Entered Level 1 of the Lair of Beasts
 12498 | Lair:1   | Reached skill level 1 in Fighting
 12501 | Lair:1   | Reached skill level 1 in Invocations
 12643 | Lair:1   | Noticed a catoblepas
 12646 | Lair:1   | Reached skill level 3 in Dodging
 12657 | Lair:1   | Killed a catoblepas
 13345 | Lair:1   | Reached XP level 12. HP: 69/78 MP: 16/28
 13757 | Lair:2   | Noticed Gastronok
 13774 | Lair:2   | Killed Gastronok
 13775 | Lair:2   | Reached skill level 6 in Stealth
 14006 | Lair:2   | Reached skill level 3 in Fighting
 14010 | Lair:2   | Reached ***** piety under Sif Muna
 14208 | Lair:2   | Reached skill level 3 in Invocations
 14918 | Lair:3   | Noticed an eight-headed hydra
 14924 | Lair:3   | Killed an eight-headed hydra
 15233 | Lair:3   | Found a staircase to the Shoals.
 15552 | Lair:3   | Noticed a five-headed hydra
 15564 | Lair:3   | Killed a five-headed hydra
 16343 | Lair:3   | Reached skill level 6 in Dodging
 16411 | Lair:3   | Received a gift from Sif Muna
 16459 | Lair:3   | Got Sif Muna's Incunabulum of Disjunct Wicked Spells {god
                  | gift}
 16480 | Lair:3   | Reached skill level 12 in Summonings
 16485 | Lair:3   | Reached XP level 13. HP: 90/90 MP: 19/30
 16714 | Lair:3   | Found a staircase to the Snake Pit.
 17265 | Lair:4   | Reached skill level 9 in Stealth
 17380 | Lair:4   | Found a staircase to the Slime Pits.
 17460 | Lair:4   | Found a viscous altar of Jiyva.
 18302 | Lair:5   | Entered Level 5 of the Lair of Beasts
 18332 | Lair:5   | Found a frozen archway.
 18404 | IceCv    | Entered an ice cave
 20591 | Lair:5   | Reached skill level 6 in Fighting
 20595 | Lair:5   | Received a gift from Sif Muna
 20776 | Lair:5   | Reached skill level 6 in Invocations
 21048 | Lair:5   | Reached XP level 14. HP: 94/101 MP: 14/32
 21130 | Lair:5   | Found a corrupted altar of Lugonu.
 21130 | Lair:5   | Found a one-way gate to the infinite horrors of the Abyss.
 21654 | Orc:1    | Entered Level 1 of the Orcish Mines
 21682 | Orc:1    | Reached skill level 13 in Summonings
 21823 | Orc:1    | Paralysed by an orc sorcerer for 4 turns
 22234 | Orc:1    | Found a dark tunnel.
 22394 | Orc:1    | Received a gift from Sif Muna
 22438 | Orc:1    | Got Sif Muna's Octavo of Bewitching Distance {god gift}
 22571 | Orc:1    | Found Wajueb's Weapon Boutique.
 22628 | Orc:1    | Learned a level 5 spell: Summon Forest
 22629 | Orc:2    | Entered Level 2 of the Orcish Mines
 22629 | Orc:2    | Found Wuyk's Magic Scroll Shoppe.
 22825 | Orc:2    | Found a staircase to the Elven Halls.
 22834 | Orc:2    | Reached skill level 1 in Translocations
 23147 | Orc:2    | Found Seokuk's Book Emporium.
 23409 | Orc:2    | Reached skill level 9 in Dodging
 23532 | Orc:2    | Found Umiuk's Antique Weapon Emporium.
 23538 | Orc:2    | Noticed an orc warlord
 23552 | Orc:2    | Killed an orc warlord
 23693 | Orc:2    | Reached skill level 3 in Translocations
 23792 | Orc:2    | Bought a scroll of blinking for 120 gold pieces
 23792 | Orc:2    | Bought a scroll of fear for 64 gold pieces
 23950 | Orc:2    | Found Cossoaj's General Store.
 23966 | Orc:2    | Found Rem Myur's Antique Armour Shop.
 25021 | D:12     | Found Ucloqitz's Jewellery Emporium.
 25167 | D:12     | Found a stormy altar of Qazlal.
 26105 | D:13     | Found a gate to the Vaults.
 26105 | D:13     | Noticed an ironbound preserver
 26205 | D:13     | Received a gift from Sif Muna
 26235 | D:13     | Got Efaiguda's Omnibus of the Heated Plateau {god gift}
 26566 | D:13     | Killed an ironbound preserver
 27061 | D:14     | Reached XP level 15. HP: 110/110 MP: 19/33
 27897 | D:15     | Entered Level 15 of the Dungeon
 28054 | D:15     | Reached skill level 6 in Translocations
 28536 | D:15     | Reached skill level 14 in Summonings
 28618 | D:15     | Found a staircase to the Depths.
 29660 | D:4      | Killed MackTheKnife's ghost
 29855 | D:10     | Killed zyxw121's ghost
 30014 | D:11     | Killed zurenarrh's ghost
 30085 | D:11     | Identified the ring "Zaepn" {EV+5 Str-2 Dex+6}
 30288 | Snake:1  | Entered Level 1 of the Snake Pit
 30397 | Snake:1  | Received a gift from Sif Muna
 30405 | Snake:1  | Got Sif Muna's Directory of Generative Superposition {god
                  | gift}
 30519 | Snake:1  | Reached skill level 9 in Fighting
 30884 | Snake:1  | Reached skill level 9 in Invocations
 31666 | Snake:1  | Identified the serpent talisman of Doxtixy {+Blink rElec}
 31666 | Snake:1  | Noticed Aizul
 31683 | Snake:1  | Killed Aizul
 31983 | Snake:1  | Learned a level 2 spell: Blink
 31989 | Snake:2  | Found Ysueps's Book Emporium.
 32177 | Snake:2  | Found Faok's Antique Armour Shoppe.
 32249 | Snake:2  | Found a transporter.
 32304 | Snake:2  | Reached XP level 16. HP: 120/120 MP: 26/34
 32354 | Snake:2  | Found Keuxtesk's Antique Armour Shop.
 32358 | Snake:2  | Found a runed translucent gate.
 32358 | Snake:2  | Found a runed translucent gate.
 32358 | Snake:2  | Found a runed translucent gate.
 32359 | Snake:2  | Noticed Neillu's ghost (adept CoAr)
 32359 | Snake:2  | Noticed Vuarud's ghost (journeyman FeSu)
 32661 | Snake:2  | Noticed Vashnia
 32683 | Snake:2  | HP: 1/121 [Vashnia/bolt (30)]
 33571 | Snake:2  | Reached skill level 15 in Summonings
 33691 | Snake:2  | Received a gift from Sif Muna
 33710 | Snake:2  | Killed Vashnia
 33958 | Snake:2  | Got Sif Muna's Parchment of Helpful Anathema {god gift}
 34187 | Snake:2  | Found Kyxoxow's Magic Scroll Emporium.
 34277 | Snake:2  | Found a transporter.
 34374 | Snake:2  | Found Kuwothoe's General Store.
 34559 | Snake:2  | Learned a level 6 spell: Summon Cactus Giant
 34671 | Snake:3  | Noticed Nikola
 34696 | Snake:3  | Killed Nikola
 34882 | Snake:3  | Found a runed translucent gate.
 34882 | Snake:3  | Found a runed translucent gate.
 34882 | Snake:3  | Found a runed translucent gate.
 34887 | Snake:3  | Noticed Qireis's ghost (adept TrBe)
 35584 | Shoals:1 | Entered Level 1 of the Shoals
 35943 | Shoals:1 | Reached skill level 16 in Summonings
 35943 | Shoals:1 | Reached skill level 9 in Translocations
 36059 | Shoals:1 | Found Guemm's Weapon Emporium.
 36664 | Shoals:1 | Noticed Jorgrun
 36680 | Shoals:1 | Killed Jorgrun
 37501 | Shoals:1 | Received a gift from Sif Muna
 37578 | Shoals:1 | Got Sif Muna's Precepts of Displacement and Battling {god
                  | gift}
 37651 | Shoals:2 | Reached XP level 17. HP: 110/128 MP: 16/35
 37765 | Shoals:2 | Identified the +1 quarterstaff of the Hungering Gods
                  | {chaos, rElec rCorr Int+5}
 37916 | Shoals:2 | Identified a scroll of acquirement
 37932 | Shoals:2 | Acquired the +0 cloak of the Thief {Quiet Slay-3 SInv
                  | Stlth+}
 37932 | Shoals:2 | Found the +0 cloak of the Thief {Quiet Slay-3 SInv Stlth+}
 38896 | Shoals:3 | Found Lutralos's Weapon Shoppe.
 39085 | Shoals:3 | Found Ocrod's Assorted Antiques.
 39088 | Shoals:3 | Found Athukhlou's Jewellery Shoppe.
 39382 | Shoals:3 | Reached skill level 17 in Summonings
 39695 | Shoals:3 | Found Paroik's Antique Armour Shop.
 40478 | Shoals:4 | Entered Level 4 of the Shoals
 40698 | Shoals:4 | Received a gift from Sif Muna
 41186 | Shoals:4 | Noticed a sphinx
 41388 | Shoals:4 | Killed a sphinx
 41604 | Shoals:4 | Reached skill level 18 in Summonings
 41799 | Shoals:4 | Got a barnacled rune of Zot
 42561 | Snake:4  | Entered Level 4 of the Snake Pit
 42566 | Snake:4  | Reached skill level 12 in Translocations
 42862 | Snake:4  | Reached XP level 18. HP: 115/134 MP: 7/36
 42998 | Snake:4  | Received a gift from Sif Muna
 43132 | Snake:4  | Got Sif Muna's Almanac of Spellbinding and Orientation {god
                  | gift}
 44589 | Snake:4  | Reached skill level 19 in Summonings
 45201 | Snake:4  | Got a serpentine rune of Zot
 46173 | Snake:4  | Learned a level 7 spell: Malign Gateway
 46445 | Snake:2  | Received a gift from Sif Muna
 46531 | Snake:2  | Got Sif Muna's Volume of the Nine Violins {god gift}
 46565 | Snake:2  | Identified the ring of the Bespelled God {Fly rC+ Dex+3}
 46575 | Snake:2  | Identified the ring "Afeasch" {Ice Dex+3}
 46675 | Snake:2  | Killed Vuarud's ghost
 46701 | Snake:2  | Killed Neillu's ghost
 46944 | Snake:3  | Killed Qireis's ghost
 47289 | Vaults:1 | Entered Level 1 of the Vaults
 47507 | Vaults:1 | Reached skill level 1 in Shields
 48181 | Vaults:1 | Reached skill level 3 in Shields
 48383 | Vaults:1 | Reached XP level 19. HP: 127/140 MP: 21/37
 48543 | Vaults:1 | Reached skill level 20 in Summonings
 49408 | Vaults:1 | Reached skill level 6 in Shields
 49847 | Vaults:1 | Found Xeucuohi's Antique Armour Shoppe.
 50178 | Vaults:2 | You fall into a shaft and drop 1 floor!
 50280 | Vaults:3 | Received a gift from Sif Muna
 50504 | Vaults:3 | Found Kipiugi's Magic Scroll Boutique.
 51620 | Vaults:3 | Received a gift from Sif Muna
 51747 | Vaults:3 | Identified the +1 ring mail "Foadwelo" {Will- Int+5}
 52065 | Vaults:3 | Noticed Asterion
 52076 | Vaults:3 | Killed Asterion
 53520 | Vaults:2 | Reached XP level 20. HP: 146/150 MP: 13/38
 54104 | Vaults:2 | Reached skill level 21 in Summonings
 54212 | Vaults:2 | HP: 6/151 [ironbound thunderhulk/bolt of lightning[a vault
                  | warden] (43)]
 55001 | Vaults:2 | Found a staircase to the Crypt.
 55353 | Vaults:3 | Learned a level 8 spell: Summon Horrible Things
 55383 | Vaults:4 | Received a gift from Sif Muna
 55654 | Vaults:4 | Identified the +4 robe of the Ward {rC+}
 55654 | Vaults:4 | Noticed Boris
 55663 | Vaults:4 | Killed Boris
 55664 | Vaults:4 | Reached skill level 12 in Dodging
 55664 | Vaults:4 | Reached skill level 15 in Spellcasting
 56482 | Vaults:4 | Got Namazil's Treatise on Ouranomancy and Toxicology {god
                  | gift}
 56725 | Vaults:4 | Received a gift from Sif Muna
 56888 | Vaults:4 | Got Sif Muna's Tome of Translocated Outbursts {god gift}
 57076 | Vaults:4 | Found Elet's Weapon Shop.
 57391 | Vaults:4 | Reached skill level 12 in Fighting
 57666 | Vaults:4 | Learned a level 9 spell: Dragon's Call
 57837 | Elf:1    | Entered Level 1 of the Elven Halls
 58188 | Elf:1    | Found Iwnegh's Antique Weapon Boutique.
 58278 | Elf:1    | Found Citwooli's Armour Boutique.
 58278 | Elf:1    | Found Kiqiot's Antique Armour Shop.
 58284 | Elf:1    | Found Irim's Distillery.
 58400 | Elf:1    | Reached skill level 22 in Summonings
 58598 | Elf:1    | Found Louq's Armour Emporium.
 58719 | Elf:1    | Got the Precepts of Energy and the Gift
 58853 | Elf:1    | Found Xooczyos's Weapon Shoppe.
 59524 | Elf:2    | Reached XP level 21. HP: 123/159 MP: 30/40
 59836 | Elf:2    | Found Dulemud's Antique Weapon Boutique.
 60142 | Elf:2    | Found a runed translucent gate.
 60143 | Elf:2    | Found a runed translucent gate.
 60143 | Elf:2    | Found a runed translucent gate.
 60450 | Elf:2    | Received a gift from Sif Muna
 61434 | Elf:3    | Entered Level 3 of the Elven Halls
 61435 | Elf:3    | Found Etumuc's Armour Emporium.
 61508 | Elf:3    | Found a magical portal.
 61521 | WizLab   | Entered Alistair's Party Mansion
 62158 | WizLab   | Received a gift from Sif Muna
 62342 | WizLab   | Acquired the +3 crown of Dyrovepreva {rElec Int+2 SInv}
 62342 | WizLab   | Found the +3 crown of Dyrovepreva {rElec Int+2 SInv}
 62449 | WizLab   | Got the Incunable of the Tincture
 62813 | Elf:3    | Reached skill level 23 in Summonings
 64194 | Elf:3    | Identified the +6 rapier of Emats {speed, rElec Will++}
 64194 | Elf:3    | Identified the +1 chain mail of Ybarouck {+Inv rPois}
 64352 | Elf:3    | Identified the +8 dagger "Mifow" {speed, rPois rC+}
 64352 | Elf:3    | Identified the ring "Nugg" {rN+ Str+6 Dex+4}
 64356 | Elf:3    | Identified the +9 scimitar of the Extremes {freeze, rF+
                  | MP+9 Str+6 Dex-3}
 64380 | Elf:3    | Identified the +4 trident "Vuymol" {flame, rC- Will+
                  | Stlth+}
 64598 | Elf:3    | Identified the +0 robe "Gaedurext" {rElec rC+}
 64598 | Elf:3    | Identified the ring "Veqitwuq" {rCorr Dex+2}
 64669 | Elf:3    | Identified the staff "Diups" {rC+ rN+ Int+2 Stlth- Ice}
 64845 | Elf:1    | Bought a pair of embroidered gloves for 187 gold pieces
 64845 | Elf:1    | Bought a pair of embroidered boots for 187 gold pieces
 64845 | Elf:1    | Bought a steaming troll leather armour for 500 gold pieces
 64845 | Elf:1    | Identified the +0 troll leather armour "Doredde" {+Blink
                  | rElec rF- Regen+ Stlth+} (You bought it in a shop on level
                  | 1 of the Elven Halls)
 64845 | Elf:1    | Bought a fine robe for 142 gold pieces
 64845 | Elf:1    | Identified the +2 robe "Edounac" {rF+ Str+3} (You bought it
                  | in a shop on level 1 of the Elven Halls)
 64996 | Depths:1 | Entered Level 1 of the Depths
 65258 | Depths:1 | Reached XP level 22. HP: 170/170 MP: 31/42
 65628 | Depths:1 | Reached ****** piety under Sif Muna
 65797 | Depths:1 | Identified the +3 scale mail of the Fiddle {Rampage rF+
                  | Dex+3}
 65842 | Depths:1 | Found a shimmering blue altar of Sif Muna.
 66005 | Depths:1 | Received a gift from Sif Muna
 66145 | Depths:1 | Got Sif Muna's Elucidation of the Mesa and the Band {god
                  | gift}
 66238 | Depths:1 | Found a bloodstained altar of Trog.
 66409 | Depths:1 | Found a gateway to Hell.
 66547 | Depths:2 | Noticed the Enchantress
 66553 | Depths:2 | Killed the Enchantress
 66810 | Depths:2 | Reached skill level 15 in Dodging
 67136 | Depths:2 | Found a one-way gate leading to the halls of Pandemonium.
 67270 | Depths:2 | Reached skill level 24 in Summonings
 67756 | Depths:2 | Received a gift from Sif Muna
 67803 | Depths:2 | Got Sif Muna's Precepts of Diablerie {god gift}
 68191 | Depths:2 | Reached skill level 15 in Fighting
 68202 | Depths:2 | Reached skill level 1 in Armour
 68600 | Depths:2 | Identified the +1 trident "Dejiovati" {freeze, Int+5}
 69245 | Depths:3 | Reached skill level 3 in Armour
 70382 | Depths:3 | Noticed a golden dragon
 70404 | Depths:3 | Killed a golden dragon
 70495 | Depths:3 | Found a portal to a secret trove of treasure.
 70503 | Depths:3 | You paid a toll of 7 potions of haste to enter a treasure
                  | trove
 70504 | Trove    | Entered a treasure trove
 70518 | Trove    | Got Wadun's Vademecum on Nocuous Toxicants
 70524 | Trove    | Got the Verses on the Freezing Pestle
 72470 | Depths:4 | Entered Level 4 of the Depths
 72472 | Depths:4 | Found a one-way gateway to a ziggurat.
 72487 | Depths:4 | Received a gift from Sif Muna
 72488 | Depths:4 | Got Kynoo's Octavo of the Blasted Quarry {god gift}
 72495 | Depths:4 | Reached XP level 23. HP: 181/181 MP: 22/43
 72713 | Depths:4 | Noticed a caustic shrike
 72716 | Depths:4 | Noticed a caustic shrike
 72716 | Depths:4 | Noticed a caustic shrike
 72720 | Depths:4 | Killed a caustic shrike
 72725 | Depths:4 | Killed a caustic shrike
 72725 | Depths:4 | Killed a caustic shrike
 72729 | Depths:4 | Paralysed by a sphinx for 3 turns
 73675 | Depths:4 | Found Lutekacwe's General Store.
 73685 | Depths:4 | Bought a scroll of blinking for 135 gold pieces
 75321 | Depths:4 | Found a runed translucent door.
 75327 | Depths:4 | Found a runed translucent door.
 75391 | Depths:4 | Found a runed translucent door.
 75485 | Depths:4 | Found a runed translucent door.
 75559 | Depths:4 | Found a runed translucent door.
 75566 | Depths:4 | Found a runed translucent door.
 75774 | Depths:4 | Found a gate to the Realm of Zot.
 76500 | Slime:1  | Entered Level 1 of the Pits of Slime
 76511 | Slime:1  | Received a gift from Sif Muna
 77487 | Slime:1  | Reached skill level 12 in Invocations
 78216 | Slime:4  | Received a gift from Sif Muna
 78309 | Slime:4  | Got Sif Muna's Catalogue of Exhalation and Malignant Acts
                  | {god gift}
 79085 | Slime:5  | Entered Level 5 of the Pits of Slime
 79170 | Slime:5  | Gained mutation: You have sharp toenails. [a shining eye]
 79400 | Slime:5  | Reached XP level 24. HP: 191/191 MP: 0/43
 79638 | Slime:5  | Noticed the Royal Jelly
 79657 | Slime:5  | Killed the Royal Jelly
 79851 | Slime:5  | Received a gift from Sif Muna
 79858 | Slime:5  | Reached skill level 9 in Shields
 80083 | Slime:5  | Got Suodeuv's Tome of Calling and Snow {god gift}
 80404 | Slime:5  | Found the +9 staff of Olgreb {rPois∞}
 80411 | Slime:5  | Identified the ring "Mameats" {rC+ Will+ Str+2}
 80427 | Slime:5  | Identified the amulet of Symmetry {Spirit rN+ Dex+6}
 80436 | Slime:5  | Identified the amulet "Qirph" {Faith Dex+9}
 80450 | Slime:5  | Identified the +2 flail of Growth {venom, ^Drain Will+
                  | Int+3}
 80483 | Slime:5  | Identified the +1 halberd of the Wasteland {freeze, rC+
                  | Int+2 Stlth+}
 80485 | Slime:5  | Got a slimy rune of Zot
 80889 | Zot:1    | Entered Level 1 of the Realm of Zot
 81576 | Zot:1    | Reached skill level 25 in Summonings
 81595 | Zot:1    | Noticed an orb of fire
 81595 | Zot:1    | Gained mutation: You occasionally lose the ability to drink
                  | potions when taking damage. [an orb of fire]
 81611 | Zot:1    | Killed an orb of fire
 81630 | Zot:1    | Identified the ring "Koateoh" {Ice +Blink rCorr Int-2
                  | Dex-5}
 81630 | Zot:1    | Noticed Josephina
 81678 | Zot:1    | Received a gift from Sif Muna
 81680 | Zot:1    | Killed Josephina
 81835 | Zot:1    | Got Sif Muna's Omnibus of Adjuration and the Missiles {god
                  | gift}
 81876 | Zot:1    | Identified the +4 ring mail "Yfum" {rElec rF++ Stlth-}
 82389 | Zot:1    | You are sucked into a shaft and drop 1 floor!
 82442 | Zot:2    | Reached skill level 15 in Invocations
 82990 | Zot:2    | Reached skill level 18 in Spellcasting
 83702 | Zot:3    | Gained mutation: You occasionally shout uncontrollably at
                  | your foes. [mutagenic glow]
 83732 | Zot:3    | Gained mutation: You frequently scream uncontrollably at
                  | your foes. [mutagenic glow]
 83998 | Zot:3    | Lost mutation: You have sharp toenails. [potion of
                  | mutation]
 83998 | Zot:3    | Lost mutation: You occasionally lose the ability to drink
                  | potions when taking damage. [potion of mutation]
 83998 | Zot:3    | Lost mutation: You frequently scream uncontrollably at your
                  | foes. [potion of mutation]
 83998 | Zot:3    | Gained mutation: Your system is resistant to poisons.
                  | (rPois) [potion of mutation]
 83998 | Zot:3    | Gained mutation: You have hidden genetic potential. [potion
                  | of mutation]
 84418 | Zot:3    | Reached skill level 6 in Armour
 84682 | Zot:3    | Identified the +5 shortbow "Rofyv" {freeze, MP+9}
 84821 | Zot:3    | Identified the +7 chain mail "Osugan" {rElec}
 85137 | Zot:4    | Reached XP level 25. HP: 167/199 MP: 26/45
 85151 | Zot:4    | Noticed Grunn
 85419 | Zot:4    | Killed Grunn
 86217 | Zot:4    | Identified the +6 chain mail "Myiphaad" {Harm rC- rN+ SInv}
 86584 | Zot:4    | Found a snail-covered altar of Cheibriados.
 86839 | Zot:5    | Entered Level 5 of the Realm of Zot
 87309 | Zot:5    | Identified the +9 mace of Viny Conscience {flame, rN+ Int+3
                  | SInv Stlth-}
 87431 | Zot:5    | Noticed an orb of fire
 87436 | Zot:5    | Noticed an orb of fire
 87436 | Zot:5    | Noticed an orb of fire
 87438 | Zot:5    | Noticed an orb of fire
 87438 | Zot:5    | Killed an orb of fire
 87441 | Zot:5    | Noticed a Killer Klown
 87442 | Zot:5    | Noticed a Killer Klown
 87449 | Zot:5    | Reached skill level 18 in Dodging
 87452 | Zot:4    | Killed a Killer Klown
 87689 | Zot:5    | Killed an orb of fire
 87692 | Zot:5    | Killed an orb of fire
 87693 | Zot:5    | Killed an orb of fire
 87694 | Zot:5    | Killed a Killer Klown
 87709 | Zot:5    | Noticed a dread lich
 87714 | Zot:5    | Killed a dread lich
 87715 | Zot:5    | Reached skill level 9 in Armour
 87717 | Zot:5    | Noticed a Killer Klown
 87723 | Zot:5    | Killed a Killer Klown
 87774 | Zot:5    | Noticed a Killer Klown
 87786 | Zot:5    | Killed a Killer Klown
 87793 | Zot:5    | Noticed a Killer Klown
 87799 | Zot:5    | Killed an orb of fire
 87801 | Zot:5    | Gained mutation: Your muscles are strong. (Str +4, Int/Dex
                  | -1) [hidden potential]
 87808 | Zot:5    | Killed a Killer Klown
 87959 | Zot:5    | Reached skill level 18 in Fighting
 87961 | Zot:5    | Noticed a Killer Klown
 87972 | Zot:5    | Noticed a dread lich
 88052 | Zot:5    | Killed a dread lich
 88057 | Zot:5    | Killed a Killer Klown
 88058 | Zot:5    | Reached XP level 26. HP: 182/211 MP: 25/45
 89042 | Zot:5    | Got the Orb of Zot
 89587 | D:$      | Escaped with the Orb!

Illustrated notes

Levels and vault maps discovered:
D:1:      minmay_arrival_shoal_huts, layout_basic,
          chequers_ecumenical_altar_simple_redux, hangedman_glass_teeth,
          minmay_misc_feat_nine_boxes
D:2:      layout_basic, serial_shops, shop_fountains
D:3:      layout_basic
D:4:      minmay_polygon_palace, layout_basic, gammafunk_ghost_grave, uniq_pikel
D:5:      layout_cave_pools, mainiacjoe_overflow_surrounded_room,
          nicolae_overflow_two_pavilions, minmay_temple_entry_fiery,
          minmay_misc_feat_secret_circle
D:6:      layout_gridville, uniq_eustachio
D:7:      layout_basic, chequers_hall_statues_corner_a, mrwooster_statue_mirror
D:8:      layout_rooms, serial_shops, shop, fungi_pond_lemuel, uniq_maurice
D:9:      layout_loops_ring, mainiacjoe_overflow_paths
D:10:     layout_gridville, lemuel_crystal_altar, ebering_ghost_rock_garden,
          uniq_sonja, uniq_maggie, uniq_lodul
D:11:     layout_grid_maze, dpeg_lair_monsters, orc_david_3,
          ebering_ghost_disaster_area
D:12:     layout_cross, serial_shops, shop, nicolae_qazlal_eye_of_the_storm
D:13:     layout_layer_cave, skrybe_vaults_entry_preservation, special_room
          [special_room_bee]
D:14:     layout_rooms, kennysheep_nub
D:15:     hangedman_depths_entry_civil_slaughter, layout_cave_pods,
          chequers_serial_rivers_room_a, serial_glass, glass_columns_c,
          glass_columns_c
Temple:   sentei_temple_godly_chess
Lair:1:   layout_regular_city, minivault_27, minivault_27,
          nicolae_quartered_pool_impasse, lemuel_fruit_fields,
          infiniplex_staircase_pool
Lair:2:   layout_regular_city, cheibrodos_lair_caveside_slide,
          lemuel_old_faithful, uniq_gastronok
Lair:3:   layout_cave_shapes, minmay_shoals_entry_beasts,
          alex1729_snake_entry_snake
Lair:4:   layout_cave_pods, slime_entry_1
Lair:5:   hellmonk_lair_end_abyssal_woods, layout_loops_ring,
          portal_ice_cave_rime
Shoals:1: layout_shoals, serial_shops, shop, nicolae_shoals_pincushion_passage,
          uniq_jorgrun
Shoals:2: layout_shoals
Shoals:3: layout_shoals, serial_shops, nicolae_shop_bloodbath_and_beyond,
          nicolae_shop_tiny_statue_garden, shop, nicolae_shop_tiny_waterfront,
          nicolae_shoals_circle_sea_wall
Shoals:4: shoals_end_hellmonk_lost_city
Snake:1:  layout_rooms, uniq_aizul
Snake:2:  gammafunk_its_a_trap, layout_onion_interference,
          gammafunk_ghost_cemetery, serial_shops, shop, nicolae_shop_rolled_up,
          nicolae_shop_advertising_works [nicolae_subvault_shop_adworks], shop,
          nicolae_stop_n_shop_2, drop_trap, nicolae_zig_zag_zippers,
          uniq_vashnia
Snake:3:  layout_cave_shapes, gammafunk_ghost_necromancy, uniq_nikola
Snake:4:  snake_pit_salamanders_mu, layout_chambers, nicolae_letterblocks
          [nicolae_letter_subblock, nicolae_letter_subblock,
          nicolae_letter_subblock, nicolae_letter_subblock,
          nicolae_letter_subblock, nicolae_letter_subblock,
          nicolae_letter_subblock, nicolae_letter_subblock,
          nicolae_letter_subblock, nicolae_letter_subblock,
          nicolae_letter_subblock, nicolae_letter_subblock,
          nicolae_letter_subblock, nicolae_letter_subblock,
          nicolae_letter_subblock, nicolae_letter_subblock,
          nicolae_letter_subblock, nicolae_letter_subblock,
          nicolae_letter_subblock, nicolae_letter_subblock,
          nicolae_letter_subblock, nicolae_letter_subblock,
          nicolae_letter_subblock, nicolae_letter_subblock,
          nicolae_letter_subblock], lemuel_fruit_tree
Slime:1:  layout_caves
Slime:2:  layout_caves
Slime:3:  layout_caves
Slime:4:  cheibrodos_slime_lost_civilization_10, layout_caves
Slime:5:  slime_pit_nicolae_royal_road_to_ruin
Orc:1:    layout_caves, serial_shops, nicolae_lakefront_shop, enter_volcano_4
Orc:2:    grunt_orc_gardens, layout_caves, grunt_orc_garden, grunt_orc_garden,
          grunt_orc_garden, grunt_orc_garden, serial_shops, shop
Elf:1:    minmay_elf_arrival_summoners, layout_geoelf_diagonals, serial_shops,
          shop, shop, nicolae_elf_shapeshifter_party, minmay_shoptagon,
          lemuel_upstairs_altar
Elf:2:    nicolae_elf_blades_crystal_corner, layout_geoelf_diagonals,
          serial_shops, nicolae_shop_stone
Elf:3:    elf_hall, layout_loops_corners, infiniplex_enter_wizlab_glasses,
          serial_shops, shop, ebering_dispersal_statue_hall, pf_eden
Vaults:1: nicolae_vaults_cornered_office, v_rooms_2, v_misc_5, v_alt_pattern_1,
          nicolae_vaults_what_the_h, v_alt_pattern_6, ontoclasm_vaults_hangar,
          v_misc_32, serial_library_hellmonk_open_square,
          layout_vaults_big_room, serial_shops, shop_coins
Vaults:2: minmay_crypt_entry_simple_walls, v_misc_12,
          grunt_vaults_hallway_short, grunt_vaults_trifunnel, v_misc_17,
          nicolae_vaults_little_ls, v_misc_2, nicolae_vaults_two_Ls,
          nicolae_vaults_trapezoid_3, layout_vaults_omnigrid
Vaults:3: nicolae_vaults_double_plus_1, nicolae_vaults_tetromino_T_2,
          vaults_dpeg_cross, vaults_mumra_minichess, serial_ice_b,
          v_alt_pattern_5, v_misc_2, vaults_room_large_hall,
          nicolae_vaults_offset_grid_hallway_2, nicolae_vaults_tetromino_L_2,
          nicolae_vaults_diagonal_hallway_7, vaults_mumra_lcd,
          dpeg_vaults_hating_casters, v_misc_12, nicolae_vaults_tetromino_L_2,
          layout_vaults_omnibox, serial_shops, nicolae_shop_gibbet_a_chance,
          uniq_asterion
Vaults:4: nicolae_vaults_trapezoid_3, nicolae_vaults_crenellated_ambush,
          nicolae_vaults_border_crossing, v_misc_12, hangedman_vaults_corner,
          nicolae_vaults_trapezoid_4, hangedman_vaults_locks,
          hangedman_vaults_stretched_pinwheel, layout_vaults_maze_snakey,
          serial_shops, nicolae_shop_peninsula, uniq_margery, uniq_boris
Depths:1: layout_basic, lightli_too_deep, led_sif_pool, grunt_decor_arrowhead,
          evilmike_spriggan_trog_shrine
Depths:2: minmay_the_grid_octo_tiled_squarecenter_mashed
          [minmay_the_grid_octo_fat_diamond, minmay_the_grid_octo_toaster,
          minmay_the_grid_octo_concentric, minmay_the_grid_octo_77,
          minmay_the_grid_square_5x5_megaprize_open,
          minmay_the_grid_square_5x5_intrusive_squares,
          minmay_the_grid_square_5x5_almost_minimal,
          minmay_the_grid_square_5x5_meh, minmay_the_grid_square_5x5_inner_v],
          layout_basic, pan_entry, abyss_entry_crystal, serial_co_window_serial,
          co_window_paths_a, co_window_paths_a, co_window_corner_a,
          co_window_paths_b, co_window_paths_a, co_window_corner_b,
          co_window_of_opportunity_c, co_window_corner_cb, co_window_paths_e,
          glass_columns_a, glass_columns_a, hell_entry, uniq_enchantress
Depths:3: kb_forest_paths, layout_basic, enter_trove_5, abyss_entry, hell_entry,
          chequers_serial_rivers_large_a, nrook_mini_vaults
Depths:4: evilmike_zot_entry_castle, layout_basic, enter_ziggurat_e,
          regret_index_abyss_entry_earlier_magic, grunt_hell_entry_dis_grunt,
          serial_shops, shop, hex_tiny
Zot:1:    layout_basic, regret_index_zotdec_banners, uniq_josephina
Zot:2:    layout_misc_corridors, regret_index_zotdec_plus
Zot:3:    kennysheep_ambush_hall, layout_gridlike, grunt_megastairs_5
Zot:4:    layout_misc_corridors, basic_altar,
          regret_index_zotdec_golden_two_three, st_small_dragon_hoard_3,
          st_stairs_11, st_single_dragon_hoard_1, grunt_ministairs_6,
          regret_index_zotdec_stipple_waver, st_single_dragon_hoard_3,
          uniq_grunn
Zot:5:    layout_misc_corridors

Skill      XL: |  1  2  3  4  5  6  7  8  9 10 11 12 13 14 15 16 17 18 19 20 21 22 23 24 25 26 |
---------------+-------------------------------------------------------------------------------+-----
Spellcasting   | 3 4 5 6 8 10 12 13 14 15 16 18 | 18.0
Summonings     | 5 6 7 8 9 11 12 13 14 16 18 19 20 22 23 24 25 | 25.0
Air Magic      | 1 3 5 |  5.0
Hexes          | 5 8 |  8.0
Fighting       | 2 4 6 7 9 10 11 12 13 15 16 18 | 18.5
Invocations    | 2 4 6 7 9 10 12 15 | 15.0
Stealth        | 5 8 10 | 10.0
Dodging        | 3 6 8 9 10 11 13 14 15 16 19 | 19.4
Translocations | 4 7 9 12 13 14 | 14.0
Shields        | 3 6 8 10 | 10.0
Armour         | 5 6 9 10 | 10.4

Action                     |  1- 3 |  4- 6 |  7- 9 | 10-12 | 13-15 | 16-18 | 19-21 | 22-24 | 25-27 || total
---------------------------+-------+-------+-------+-------+-------+-------+-------+-------+-------++-------
  Melee: Unarmed           |    68 |    18 |       |       |       |       |     4 |       |       ||    90
         Bite              |     7 |     6 |     5 |     4 |    35 |    25 |    35 |    29 |     4 ||   150
         Whip              |       |    55 |    25 |       |       |       |       |       |       ||    80
         Rapier            |       |       |    25 |    83 |   219 |    98 |    59 |       |       ||   484
         Quarterstaff      |       |       |       |       |       |       |    81 |   100 |       ||   181
         Scimitar          |       |       |       |       |       |       |       |    20 |    12 ||    32
   Cast: Summon Small Mamm |    40 |    37 |    25 |    27 |    14 |     4 |       |       |       ||   147
         Call Canine Famil |     6 |    29 |    30 |    65 |   111 |    17 |       |       |       ||   258
         Summon Lightning  |       |     3 |    41 |    64 |   139 |   144 |    38 |    43 |       ||   472
         Summon Mana Viper |       |       |     3 |    73 |   143 |   166 |   160 |   144 |    29 ||   718
         Summon Forest     |       |       |       |       |    63 |    93 |   102 |    92 |    30 ||   380
         Summon Cactus Gia |       |       |       |       |       |   111 |   159 |   133 |    28 ||   431
         Malign Gateway    |       |       |       |       |       |     1 |    17 |    15 |    15 ||    48
         Blink             |       |       |       |       |       |     1 |     1 |     1 |     1 ||     4
         Summon Horrible T |       |       |       |       |       |       |     2 |     3 |     3 ||     8
         Dragon's Call     |       |       |       |       |       |       |     1 |    34 |    14 ||    49
 Invoke: Channel Magic     |       |       |       |       |       |       |     1 |     3 |     2 ||     6
  Evoke: Wand              |       |       |     1 |     3 |     4 |     2 |       |       |     7 ||    17
         Lightning rod     |       |       |       |       |       |     4 |     2 |       |     2 ||     8
         Phial of floods   |       |       |       |       |       |       |       |       |     1 ||     1
         Phantom mirror    |       |       |       |       |       |       |       |       |     1 ||     1
    Use: Scroll            |       |     1 |       |    20 |    12 |     6 |     6 |     8 |     8 ||    61
         Potion            |       |       |       |     1 |     2 |     5 |     2 |     3 |     3 ||    16
   Stab: Distracted        |     1 |     1 |     1 |     5 |     7 |     8 |     7 |     5 |       ||    35
         Sleeping          |     1 |       |       |       |       |       |     1 |       |       ||     2
         Paralysed         |       |       |       |       |       |       |     1 |       |       ||     1
         Confused          |       |       |       |       |       |       |     1 |     1 |       ||     2
 Armour: Robe              |    53 |    36 |    55 |    16 |       |       |   106 |   211 |       ||   477
         Acid dragon scale |       |       |       |   137 |   288 |       |       |    71 |   129 ||   625
         Leather armour    |       |       |       |       |    52 |   260 |    89 |       |       ||   401
         Skin              |       |       |       |       |       |       |     1 |       |       ||     1
  Dodge: Dodged            |    71 |    60 |    89 |   162 |   381 |   412 |   368 |   502 |   167 ||  2212
  Block: Buckler           |       |       |       |       |    11 |    93 |    39 |       |       ||   143

Table legend: (Time is in decaauts)
 A = Elapsed time spent in this place.
 B = Non-inter-level travel time spent in this place.
 C = Inter-level travel time spent in this place.
 D = Time resting spent in this place.
 E = Time spent auto-exploring this place.
 F = Levels seen in this place.
 G = Mean time per level.
                   A        B        C        D        E       F      G
               +--------+--------+--------+--------+--------+-----+--------+
         Total |  90089 |  83952 |   6137 |  15027 |  54949 |  55 | 1638.0 |
       Dungeon |  18861 |  17049 |   1812 |   1640 |  12697 |  15 | 1257.4 |
        Temple |     17 |      7 |     10 |      0 |      0 |   1 |   17.0 |
          Lair |   9844 |   9061 |    783 |   1199 |   6621 |   5 | 1968.8 |
        Shoals |   7052 |   6875 |    177 |    835 |   4983 |   4 | 1763.0 |
     Snake Pit |   9491 |   8855 |    636 |   2092 |   5268 |   4 | 2372.8 |
    Slime Pits |   4095 |   3723 |    372 |    752 |   2471 |   5 |  819.0 |
  Orcish Mines |   2755 |   2696 |     59 |    523 |   1664 |   2 | 1377.5 |
   Elven Halls |   5894 |   5484 |    410 |    620 |   3928 |   3 | 1964.7 |
        Vaults |  10511 |  10085 |    426 |   1925 |   6546 |   4 | 2627.8 |
        Depths |  11542 |  10788 |    754 |   2375 |   6569 |   4 | 2885.5 |
           Zot |   8321 |   7629 |    692 |   2640 |   3465 |   5 | 1664.2 |
         Trove |     83 |     83 |      0 |      0 |     62 |   1 |   83.0 |
      Ice Cave |    415 |    415 |      0 |    221 |     65 |   1 |  415.0 |
        Wizlab |   1202 |   1202 |      0 |    205 |    609 |   1 | 1202.0 |
               +--------+--------+--------+--------+--------+-----+--------+

Top non-repeatable levels by time:
Depths:4: 3726 daAuts
 Snake:4: 3654 daAuts
Depths:3: 3427 daAuts
Vaults:3: 3283 daAuts
  Lair:5: 2885 daAuts
 Snake:2: 2803 daAuts
  Lair:3: 2745 daAuts
Vaults:1: 2641 daAuts
Depths:2: 2495 daAuts
Vaults:2: 2481 daAuts
   Elf:3: 2164 daAuts
Shoals:3: 2147 daAuts
Shoals:1: 2147 daAuts
Vaults:4: 2105 daAuts
   Zot:1: 2074 daAuts
